 Dungeon Crawl Stone Soup version 0.31-a0-1549-g5ff9445 (webtiles) character file.

Game seed: 9199886496657978823

30257 PublicAnimeNo1 the Toxicologist (level 13, -17/105 HPs)
             Began as a Demonspawn Alchemist on Jan 2, 2024.
             Was a Believer of Wu Jian.
             Killed from afar by a kobold blastminer (37 damage)
             ... with an iron shot
             ... on level 2 of the Orcish Mines.
             The game lasted 00:47:32 (15743 turns).

PublicAnimeNo1 the Toxicologist (DsAl)             Turns: 15743, Time: 00:47:32

Health: -17/105    AC: 12    Str: 14    XL:     13   Next: 19%
Magic:  26/40      EV: 13    Int: 23    God:    Wu Jian [**....]
Gold:   927        SH:  9    Dex: 13    Spells: 12/24 levels left

rFire   . . .        a - +7 captain's cutlass {speed, disarm}
rCold   . . .        (no shield)
rNeg    + . .        e - +0 ring mail of the Game of Life {Str+3}
rPois   .            D - +0 hat {Will+}
rElec   .            (no cloak)
rCorr   .            (no gloves)
SInv    .            (no boots)
Will    +....        d - amulet of reflection
Stlth   ++++         J - ring "Kuufufou" {+Blink rN+ MP+9}
HPRegen 0.37/turn    b - ring of Rimiufessy {MP+9 Str+2 Stlth+}
MPRegen 0.27/turn

%: reflection, clarity
@: radiating poison, fire susceptible
A: hooves 2, molten scales 2, icemail 1, condensation shield, demonic magic 1,
clarity, clever 1, robust 1, wild magic 1
a: Renounce Religion, Evoke Blink, Wall Jump


You were on level 2 of the Orcish Mines.
You worshipped Wu Jian.
Wu Jian was pleased with you.
You visited 2 branches of the dungeon, and saw 14 of its levels.
You also visited: Bailey.

You collected 1806 gold pieces.
You spent 879 gold pieces at shops.

Inventory:

Hand Weapons
 a - the +7 captain's cutlass (weapon) {speed, disarm}
   (You bought it in a shop on level 3 of the Dungeon)
 c - the +7 great mace "Undeadhunter" {deathbane, rN+}
   (You took it off a hobgoblin on level 3 of the Dungeon)

   rN+:       It protects you from negative energy.
 r - a +1 heavy short sword
 z - a +2 dagger of venom
Missiles
 g - 26 poisoned darts
 u - a throwing net
Armour
 e - the +0 ring mail of the Game of Life (worn) {Str+3}
   (You found it on level 6 of the Dungeon)

   Str+3:     It affects your strength (+3).
 w - an orb of wrath
 y - +0 acid dragon scales
 D - a +0 hat of willpower (worn)
Jewellery
 b - the ring of Rimiufessy (right hand) {MP+9 Str+2 Stlth+}
   (You acquired it on level 3 of the Dungeon)

   [ring of magical power]

   Str+2:     It affects your strength (+2).
   MP+9:      It affects your magic capacity (+9).
   Stlth+:    It makes you more stealthy.
 d - an amulet of reflection (around neck)
 m - a ring of positive energy
 J - the ring "Kuufufou" (left hand) {+Blink rN+ MP+9}
   (You found it on level 12 of the Dungeon)

   [ring of magical power]

   rN+:       It protects you from negative energy.
   MP+9:      It affects your magic capacity (+9).
   +Blink:    It lets you blink.
Wands
 l - a wand of light (1)
 p - a wand of roots (9)
 x - a wand of flame (29)
 F - a wand of mindburst (4)
 G - a wand of polymorph (8)
Scrolls
 h - 3 scrolls of fog
 i - a scroll of identify
 k - 5 scrolls of teleportation
 B - a scroll of fear
 E - a scroll of torment
 H - a scroll of revelation
 I - a scroll of amnesia
Potions
 f - 2 potions of curing
 j - 4 potions of haste
 n - 2 potions of ambrosia
 o - 4 potions of invisibility
 q - a potion of mutation
 s - 3 potions of enlightenment
 t - a potion of attraction
 A - a potion of magic
 C - a potion of brilliance
 K - a potion of lignification


   Skills:
 - Level 7.0 Fighting
 * Level 10.2 Short Blades
 + Level 6.9 Dodging
 + Level 9.3 Stealth
 - Level 6.0 Spellcasting
 - Level 4.0 Conjurations
 + Level 4.7 Fire Magic
 - Level 3.1 Air Magic
 - Level 11.3 Alchemy


You had 12 spell levels left.
You knew the following spells:

 Your Spells              Type           Power      Damage    Failure   Level
a - Sting                 Conj/Alch      100%       1d9       1%          1
b - Mephitic Cloud        Conj/Alch/Air  45%        N/A       7%          3
c - Olgreb's Toxic Radia  Alch           67%        N/A       3%          4
d - Sticky Flame          Fire/Alch      55%        2d10      10%         4

Your spell library contained the following spells:

 Spells                   Type           Power      Damage    Failure   Level
 Mercury Vapours          Alch/Air       100%       N/A       2%          2
 Magic Dart               Conj           100%       1d8       5%          1
 Searing Ray              Conj           64%        2d6       8%          2
 Kiss of Death            Conj/Necr      80%        2d11      12%         1
 Fulminant Prism          Conj/Alch      26%        3d14      12%         4
 Momentum Strike          Conj/Tloc      40%        3d9       17%         2
 Apportation              Tloc           16%        N/A       24%         1
 Necrotise                Necr           32%        1d5       24%         1
 Summon Small Mammal      Summ           32%        N/A       24%         1
 Blink                    Tloc           16%        N/A       34%         2
 Call Imp                 Summ           16%        N/A       34%         2
 Jinxbite                 Hex            16%        N/A       34%         2
 Lesser Beckoning         Tloc           16%        N/A       34%         2
 Confusing Touch          Hex            8%         N/A       54%         3
 Gell's Gravitas          Tloc           8%         N/A       54%         3
 Sigil of Binding         Hex            8%         N/A       54%         3
 Teleport Other           Tloc           8%         N/A       54%         3
 Vampiric Draining        Necr           8%         2d6       54%         3
 Brom's Barrelling Bould  Conj/Erth      20%        2d4       67%         4
 Cause Fear               Hex            4%         N/A       90%         4
 Dispel Undead            Necr           8%         3d8       90%         4
 Martyr's Knell           Necr/Summ      8%         N/A       90%         4
 Curse of Agony           Necr           8%         N/A       99%         5
 Malign Gateway           Summ/Tloc      4%         N/A       100%        7
 Summon Horrible Things   Summ           4%         N/A       100%        8


Dungeon Overview and Level Annotations

Branches:
Dungeon (12/15)            Temple (0/1) D:7            Lair (0/5) D:11
    Orc (2/2) D:11         Bailey (visited)
    Elf: Orc:2

Altars:
Ashenzari
Kikubaaqudgha
Ru
Vehumet
Wu Jian
Ignis

Shops:
D:2 (((   D:3 (?:*!   D:5 =   D:6 !   D:7 [   Orc:2 =?

Annotations:
D:8 3 runed translucent doors
Orc:2 3 runed translucent doors, Jorgrun


Innate Abilities, Weirdness & Mutations

You have hoof-like feet.
You are mostly covered in molten scales. (AC +3)
A meltable icy envelope protects you from harm. (AC +4)
A meltable shield of frost defends you. (SH +4)
Spells you cast may paralyse adjacent enemies.
You possess an exceptional clarity of mind.
Your mind is acute. (Int +4, Str/Dex -1)
You are robust. (+10% HP)
Your spells are a little harder to cast, but a little more powerful.


Message History

You feel better.
Your surroundings suddenly seem different.
The roots lose their grip on something. x2
You start resting.
You feel a genetic drift.
You feel clever.
You no longer feel a hidden potential within.
You start resting.
The Council accepts your kill.
You feel a bit more experienced.
You start resting.
An orc high priest comes into view. It is wielding a +0 long sword.
The orc high priest shouts!
You hear a shout! x2
You are no longer corroded.
The orc high priest mumbles some strange prayers to Beogh.
Casting: Sting (safe; 1% risk of failure)
Confirm with . or Enter, or press ? or * to list all spells.
You begin to radiate toxic energy.
The orc high priest is poisoned.
Malevolent energies surge around you.
The orc high priest looks even sicker.
An orc high priest comes into view. It is wielding a +0 halberd.
The orc high priest looks even sicker.
The orc high priest is poisoned.
The orc high priest moves out of view.
An orc priest comes into view. It is wielding a +0 club.
The orc priest is poisoned.
Your toxic aura wanes.
A kobold blastminer comes into view.
The orc priest moves out of view.
Casting: Olgreb's Toxic Radiance (dangerous; 3% risk of failure)
Confirm with . or Enter, or press ? or * to list all spells.
You begin to radiate toxic energy.
The kobold blastminer is poisoned.
Malevolent energies surge around you.
The orc high priest looks even sicker.
The kobold blastminer looks even sicker.
The orc high priest mumbles some strange prayers to Beogh against you.
Beogh smites you!
* * * LOW HITPOINT WARNING * * *
You hear a shout!
You puncture the kobold blastminer! Your kick misses the kobold blastminer.
The kobold blastminer is heavily wounded.
The kobold blastminer blasts its cannon at you.
The iron shot hits you!!!
You die...

.##...
###+++###........#
##....
.................#
......
................##
......
.................#
......
................##
. ......
...................
. ......
..............3....
. .#####
..#######.###.###..
. .# ..# #@# # . .#
..#### #K# . .#
....o ... .
.######..# ##..o .
.........# #...o .
.......†.# #..8.. .
.#######.# #......
. .# #o# #.###'## .
.# ))) .


You could see an orc high priest (very poisoned), a kobold blastminer (very
poisoned) and an orc priest (poisoned).

Vanquished Creatures
  Gastronok (D:8)
  A hydra (D:12)
  Erolcha (Orc:2)
  2 ogre magi (Orc:2)
  7 two-headed ogres
  4 orc high priests
  2 orc knights (Bailey)
  Pikel (D:4)
  2 manticores (D:11)
  A deep elf pyromancer (D:12)
  An orc sorcerer (Orc:1)
  2 ugly things (D:12)
  2 cyclopes
  A kobold blastminer (Orc:2)
  A gargoyle (D:11)
  A komodo dragon (D:12)
  A kobold demonologist (Bailey)
  A rime drake (D:11)
  2 ice devils (D:12)
  5 trolls
  A shadow (D:11)
  10 yaks (D:10)
  2 wraiths
  10 fire elementals
  2 wyverns
  10 wargs
  A steam dragon (D:8)
  Edmund (D:4)
  4 water moccasins
  3 acid dragons
  2 black bears
  32 orc warriors
  2 sky beasts
  3 ice beasts (D:11)
  2 wolves (D:11)
  6 centaurs
  6 ogres
  3 kobold brigands
  Blork the orc (D:4)
  2 bullfrogs
  4 gnoll sergeants
  4 scorpions
  5 wights (D:10)
  18 killer bees
  5 electric eels
  6 howler monkeys
  2 jellies
  2 bombardier beetles
  19 orc priests
  2 sleepcaps
  A hound (D:7)
  Natasha (thrice) (D:3)
  4 iguanas
  9 orc wizards
  25 gnolls
  6 adders
  2 ufetubi (D:5)
  A dart slug (D:5)
  2 ribbon worms
  55 orcs
  4 ball pythons
  5 endoplasms
  3 giant cockroaches (D:1)
  11 goblins
  10 hobgoblins
  8 jackals
  17 kobolds
  4 quokkas
  3 bats
  10 frilled lizards
  8 rats
400 creatures vanquished.

Vanquished Creatures (others)
  A butterfly (D:8)
  39 foxfires (D:4)
40 creatures vanquished.

Grand Total: 440 creatures vanquished

Notes
Turn   | Place    | Note
-------+----------+-------------------------------------------
     0 | D:1      | PublicAnimeNo1 the Demonspawn Alchemist began the quest for
                  | the Orb.
     0 | D:1      | Reached XP level 1. HP: 13/13 MP: 3/3
   427 | D:1      | Gained mutation: You are partially covered in molten
                  | scales. (AC +2) [demonic ancestry]
   427 | D:1      | Reached XP level 2. HP: 19/19 MP: 3/5
   605 | D:1      | Found a faded altar of an unknown god.
   617 | D:1      | Prayed at the altar of an unknown god.
   617 | D:1      | Became a worshipper of Ignis, the Dying Flame
   746 | D:1      | Reached skill level 4 in Alchemy
  1152 | D:2      | Found Pyigaf's Antique Weapon Shoppe.
  1346 | D:2      | Reached XP level 3. HP: 24/24 MP: 4/6
  1399 | D:2      | Found Vejiehai's Weapon Emporium.
  1579 | D:2      | Found Duasch's Antique Weapon Emporium.
  2035 | D:3      | Found Xenimmops's Vocational Training.
  2098 | D:3      | Found Realas's Weapon Shop.
  2098 | D:3      | Noticed a +3 demon whip
  2100 | D:3      | Noticed Natasha
  2117 | D:3      | Killed Natasha
  2118 | D:3      | Gained mutation: You have large cloven feet. [demonic
                  | ancestry]
  2118 | D:3      | Reached XP level 4. HP: 9/30 MP: 1/7
  2201 | D:3      | Noticed a +0 demon trident
  2228 | D:3      | Found Niq Appyama's Magic Scroll Shoppe.
  2253 | D:3      | Bought a scroll of identify for 26 gold pieces
  2253 | D:3      | Noticed Natasha
  2267 | D:3      | Reached skill level 5 in Alchemy
  2271 | D:3      | Killed Natasha
  2367 | D:3      | Found Suveh's General Store.
  2427 | D:3      | Found Cicui's Distillery.
  2444 | D:3      | Bought a potion of curing for 33 gold pieces
  2444 | D:3      | Bought a potion of heal wounds for 55 gold pieces
  2467 | D:3      | Noticed Natasha
  2472 | D:3      | Killed Natasha
  2473 | D:3      | Reached skill level 1 in Short Blades
  2665 | D:3      | Gained mutation: You are mostly covered in molten scales.
                  | (AC +3) [demonic ancestry]
  2665 | D:3      | Reached XP level 5. HP: 24/35 MP: 2/8
  2972 | D:4      | Noticed Blork the orc
  2981 | D:4      | Killed Blork the orc
  3019 | D:4      | Noticed a black bear
  3022 | D:4      | Reached skill level 6 in Alchemy
  3044 | D:4      | Killed a black bear
  3045 | D:4      | Gained mutation: Spells you cast may paralyse adjacent
                  | enemies. [demonic ancestry]
  3045 | D:4      | Reached XP level 6. HP: 35/41 MP: 4/9
  3253 | D:4      | Noticed Pikel
  3273 | D:4      | Noticed Edmund
  3274 | D:4      | Killed Pikel
  3275 | D:4      | Reached skill level 8 in Alchemy
  3275 | D:4      | Reached XP level 7. HP: 46/46 MP: 8/10
  3288 | D:4      | Killed Edmund
  3289 | D:4      | Gained mutation: A meltable shield of frost defends you.
                  | (SH +4) [demonic ancestry]
  3289 | D:4      | Reached XP level 8. HP: 34/53 MP: 3/11
  3388 | D:4      | Reached skill level 1 in Fighting
  3393 | D:4      | Learned a level 4 spell: Olgreb's Toxic Radiance
  3419 | D:4      | Learned a level 3 spell: Mephitic Cloud
  3777 | D:5      | Entered Level 5 of the Dungeon
  3852 | D:5      | Found Roerolink's Jewellery Emporium.
  5170 | D:6      | Identified the +0 ring mail of the Game of Life {Str+3}
  5401 | D:6      | Reached skill level 5 in Short Blades
  5472 | D:6      | Gained mutation: A meltable icy envelope protects you from
                  | harm. (AC +4) [demonic ancestry]
  5472 | D:6      | Reached XP level 9. HP: 63/63 MP: 7/12
  5486 | D:6      | Reached skill level 9 in Alchemy
  5744 | D:6      | Found Hiocush's Distillery.
  5748 | D:6      | Bought a potion of might for 52 gold pieces
  5884 | D:7      | Found a broken altar of Ashenzari.
  6473 | D:7      | Found Lizurghu's Antique Armour Boutique.
  6532 | D:7      | Found a staircase to the Ecumenical Temple.
  6813 | D:7      | Found an ancient bone altar of Kikubaaqudgha.
  7499 | D:8      | Noticed Gastronok
  7636 | D:8      | Identified a scroll of acquirement
  7639 | D:7      | Acquired 729 gold pieces
  7717 | D:8      | Reached skill level 1 in Air Magic
  7781 | D:8      | Reached skill level 5 in Stealth
  7826 | D:8      | Found a runed translucent gate.
  7827 | D:8      | You fall into a shaft and drop 2 floors!
  7827 | D:10     | Entered Level 10 of the Dungeon
  7868 | D:10     | Reached XP level 10. HP: 73/73 MP: 5/16
  7939 | D:9      | Noticed a cyclops
  7949 | D:9      | Killed a cyclops
  8036 | D:8      | Found a radiant altar of Vehumet.
  8036 | D:8      | Found a sacrificial altar of Ru.
  8050 | D:8      | Found a flagged portal.
  8061 | Bailey   | Entered a bailey
  8196 | Bailey   | Reached skill level 5 in Fighting
  8202 | Bailey   | Noticed an orc knight
  8605 | Bailey   | Identified the +3 great mace of Etonise {flame, Str+3 Dex+4
                  | Stlth+}
  8655 | Bailey   | Reached skill level 10 in Alchemy
  8758 | Bailey   | Killed an orc knight
  8759 | Bailey   | Reached skill level 5 in Spellcasting
  8796 | Bailey   | Found an iron altar of Okawaru.
  8799 | Bailey   | Noticed an orc high priest
  8805 | Bailey   | Noticed a soul eater
  8820 | Bailey   | Killed an orc high priest
  9199 | Bailey   | Noticed an orc knight
  9214 | Bailey   | Killed an orc knight
  9215 | Bailey   | Gained mutation: You have hoof-like feet. [demonic
                  | ancestry]
  9215 | Bailey   | Reached XP level 11. HP: 80/80 MP: 8/19
  9354 | Bailey   | Got the Codex of Geology and the Evil Eye
  9733 | D:3      | Bought the +7 captain's cutlass {speed, disarm} for 594
                  | gold pieces
  9733 | D:3      | Found the +7 captain's cutlass {speed, disarm}
  9734 | D:3      | Acquired the ring of Rimiufessy {MP+9 Str+2 Stlth+}
 10143 | D:8      | Killed Gastronok
 10368 | D:8      | Gained mutation: You have hidden genetic potential. [potion
                  | of mutation]
 10368 | D:8      | Gained mutation: Your spells are a little harder to cast,
                  | but a little more powerful. [potion of mutation]
 10368 | D:8      | Gained mutation: You are robust. (+10% HP) [potion of
                  | mutation]
 10512 | D:8      | Found a runed translucent gate.
 10512 | D:8      | Noticed a green ugly thing
 10512 | D:8      | Noticed a red ugly thing
 10513 | D:8      | Found a runed translucent gate.
 10513 | D:8      | Noticed a glowing orange brain
 10513 | D:8      | Noticed a cyan ugly thing
 10514 | D:8      | Noticed a green ugly thing
 10942 | D:9      | Found an ornate altar of the Wu Jian Council.
 11749 | D:10     | Noticed a two-headed ogre
 11755 | D:10     | Killed a two-headed ogre
 11941 | D:10     | Learned a level 4 spell: Sticky Flame
 12409 | D:11     | Reached skill level 11 in Alchemy
 12416 | D:11     | Reached skill level 1 in Fire Magic
 12427 | D:11     | Reached skill level 5 in Dodging
 12642 | D:11     | Noticed a two-headed ogre
 12754 | D:11     | Reached XP level 12. HP: 96/96 MP: 21/21
 12793 | D:11     | Noticed a two-headed ogre
 12809 | D:11     | Killed a two-headed ogre
 12972 | D:11     | Noticed a two-headed ogre
 12985 | D:11     | Killed a two-headed ogre
 13017 | D:11     | Found a staircase to the Lair.
 13049 | D:11     | Found a staircase to the Orcish Mines.
 13094 | D:11     | Killed a two-headed ogre
 13124 | D:11     | Gained mutation: You possess an exceptional clarity of
                  | mind. [hidden potential]
 13332 | D:9      | Fell from the grace of Ignis
 13332 | D:9      | Became a worshipper of the Wu Jian Council
 13410 | D:12     | Noticed a four-headed hydra
 13527 | D:12     | Identified the ring "Kuufufou" {+Blink rN+ MP+9}
 13789 | D:12     | Killed a four-headed hydra
 14090 | D:12     | Found a frozen archway.
 14246 | Orc:1    | Entered Level 1 of the Orcish Mines
 14269 | Orc:1    | Noticed an orc high priest
 14280 | Orc:1    | Killed an orc high priest
 14315 | Orc:1    | You fall into a shaft and drop 1 floor!
 14315 | Orc:2    | Entered Level 2 of the Orcish Mines
 14501 | Orc:2    | Reached * piety under Wu Jian
 14508 | Orc:2    | Noticed a two-headed ogre
 14515 | Orc:2    | Killed a two-headed ogre
 14525 | Orc:2    | Noticed a two-headed ogre
 14538 | Orc:2    | Killed a two-headed ogre
 14541 | Orc:2    | Noticed an ogre mage
 14543 | Orc:2    | Paralysed by an ogre mage for 5 turns
 14587 | Orc:2    | Killed an ogre mage
 14798 | Orc:2    | Noticed a two-headed ogre
 14805 | Orc:2    | Noticed an orc high priest
 14806 | Orc:2    | Killed a two-headed ogre
 14857 | Orc:2    | Reached ** piety under Wu Jian
 14869 | Orc:2    | Reached XP level 13. HP: 104/105 MP: 22/22
 14984 | Orc:2    | Noticed Erolcha
 14993 | Orc:2    | Killed Erolcha
 14994 | Orc:2    | Reached skill level 10 in Short Blades
 15135 | Orc:2    | Found Asmu Omo's Jewellery Shoppe.
 15138 | Orc:2    | Found Illaun's Magic Scroll Shoppe.
 15149 | Orc:2    | Bought a scroll of fear for 68 gold pieces
 15149 | Orc:2    | Bought a scroll of teleportation for 51 gold pieces
 15690 | Orc:1    | You fall into a shaft and drop 1 floor!
 15707 | Orc:2    | Noticed Jorgrun
 15728 | Orc:2    | Found a runed translucent gate.
 15728 | Orc:2    | Found a runed translucent gate.
 15728 | Orc:2    | Found a runed translucent gate.
 15729 | Orc:2    | Gained mutation: Your mind is acute. (Int +4, Str/Dex -1)
                  | [hidden potential]
 15729 | Orc:2    | Lost mutation: You have hidden genetic potential. [hidden
                  | potential expressed]
 15743 | Orc:2    | Killed from afar by a kobold blastminer

Illustrated notes

Levels and vault maps discovered:
D:1:      dpeg_cavernosity, layout_basic, shapermc_ecumenical_altar_gd,
          minmay_lizard_pond
D:2:      layout_loops_corners, serial_shops, nicolae_shop_window_shopping,
          nicolae_shop_overgrown_old_shop, nicolae_shop_bloodbath_and_beyond,
          basic_altar, serial_bayou_lagoon_a
D:3:      layout_loops_ring, serial_shops, nicolae_shop_hallway_plus,
          nicolae_shop_crystal, nicolae_shop_mannequins,
          nicolae_shop_pleasant_corner_grove, nicolae_shop_vocational,
          uniq_natasha
D:4:      layout_cave_pools, uniq_blork_the_orc, uniq_pikel, uniq_edmund
D:5:      layout_basic, serial_shops, shop_statue
D:6:      layout_loops_ring, serial_shops, kennysheep_mini_moat
D:7:      layout_loops_corners, cheibrodos_ashenzari_chains,
          nicolae_overflow_squiral, minmay_temple_entry_tees, serial_shops,
          nicolae_shop_back_alley_shop
D:8:      layout_rooms, nicolae_elyvilon_peaceful_grove,
          gammafunk_temple_overflow_statue, enter_bailey_6,
          ploomutoo_gammafunk_ghost_potion_laboratory, serial_bayou_pond_e,
          st_stairs_12, blue_anna_alchemist, hangedman_decor_diamond_cutter,
          uniq_gastronok
D:9:      layout_cave_pods, mainiacjoe_overflow_small_starburst
D:10:     layout_long_grid, minmay_misc_feat_rows
D:11:     layout_cave_pools, hellmonk_lair_entry_icy, orc_0_dummy
D:12:     layout_irregular_city, portal_ice_cave_demonic_guard
Orc:1:    layout_caves
Orc:2:    st_orc_town, layout_diamond_mine, gammafunk_ghost_split, serial_shops,
          nicolae_shop_tiny_real_fake_doors, shop, uniq_jorgrun, uniq_erolcha

Skill      XL: |  1  2  3  4  5  6  7  8  9 10 11 12 13 |
---------------+----------------------------------------+-----
Alchemy        | 4 5 6 8 9 10 11 | 11.3
Short Blades   | 1 2 3 4 5 6 7 8 9 10 | 10.2
Stealth        | 2 3 5 6 7 9 |  9.3
Fighting       | 3 4 5 6 7 |  7.0
Conjurations   | 3 4 |  4.0
Spellcasting   | 4 5 6 |  6.0
Air Magic      | 1 3 |  3.1
Dodging        | 3 5 6 |  6.9
Fire Magic     | 1 4 |  4.7

Action                     |  1- 3 |  4- 6 |  7- 9 | 10-12 | 13-15 || total
---------------------------+-------+-------+-------+-------+-------++-------
  Melee: Unarmed           |    18 |       |       |       |       ||    18
         Club              |    12 |       |       |       |       ||    12
         Short sword       |    33 |    67 |    99 |       |       ||   199
         Kick              |       |    20 |    37 |   165 |    34 ||   256
         Great mace        |       |     2 |     5 |     3 |       ||    10
         Punch             |       |       |     3 |     7 |     2 ||    12
         Dagger            |       |       |    16 |    96 |       ||   112
         Cutlass           |       |       |       |   340 |    94 ||   434
   Cast: Sting             |    56 |    42 |    92 |    56 |       ||   246
         Olgreb's Toxic Ra |       |       |    18 |    66 |    13 ||    97
         Mephitic Cloud    |       |       |       |    10 |       ||    10
         Sticky Flame      |       |       |       |     8 |     5 ||    13
 Invoke: Fiery Armour      |     1 |     3 |     1 |     1 |       ||     6
         Foxfire Swarm     |       |     2 |       |       |       ||     2
Ability: Lunge             |       |       |       |     7 |     8 ||    15
         Whirlwind         |       |       |       |       |     6 ||     6
         Wall Jump         |       |       |       |       |     1 ||     1
  Evoke: Wand              |       |       |     1 |     7 |     1 ||     9
    Use: Scroll            |       |     3 |    14 |     6 |     2 ||    25
         Potion            |       |       |     4 |     7 |     5 ||    16
   Stab: Paralysed         |       |     4 |    27 |    22 |     3 ||    56
         Sleeping          |       |       |     1 |    13 |       ||    14
         Confused          |       |       |       |     4 |       ||     4
         Distracted        |       |       |       |     2 |       ||     2
 Armour: Robe              |    36 |    35 |    26 |       |       ||    97
         Ring mail         |       |       |    69 |   179 |    44 ||   292
  Dodge: Dodged            |    40 |    40 |    55 |   131 |    29 ||   295
  Block: Other             |       |       |    17 |    86 |    20 ||   123
         Reflection        |       |       |       |     3 |     2 ||     5

Table legend: (Time is in decaauts)
 A = Elapsed time spent in this place.
 B = Non-inter-level travel time spent in this place.
 C = Inter-level travel time spent in this place.
 D = Time resting spent in this place.
 E = Time spent auto-exploring this place.
 F = Levels seen in this place.
 G = Mean time per level.
                   A        B        C        D        E       F      G
               +--------+--------+--------+--------+--------+-----+--------+
         Total |  15524 |  14700 |    824 |   3171 |   8410 |  15 | 1034.9 |
       Dungeon |  12589 |  11766 |    823 |   1887 |   7510 |  12 | 1049.1 |
  Orcish Mines |   1400 |   1400 |      0 |    661 |    328 |   2 |  700.0 |
        Bailey |   1533 |   1533 |      0 |    622 |    572 |   1 | 1533.0 |
               +--------+--------+--------+--------+--------+-----+--------+

Top non-repeatable levels by time:
     D:7: 1716 daAuts
  Bailey: 1533 daAuts
     D:5: 1346 daAuts
    D:10: 1103 daAuts
     D:3: 1047 daAuts
     D:2: 1039 daAuts
     D:8: 1014 daAuts
     D:1: 1008 daAuts
     D:6: 997 daAuts
     D:9: 909 daAuts
   Orc:2: 854 daAuts
    D:12: 819 daAuts
     D:4: 807 daAuts
    D:11: 781 daAuts
   Orc:1: 546 daAuts
